 Dungeon Crawl Stone Soup version 0.22-a0-348-gd16d139 (webtiles) character file.

123210 Amnesiac the Sorcerer (level 16, -15/84 HPs)
             Began as a Spriggan Earth Elementalist on Apr 7, 2018.
             Was the Champion of Vehumet.
             Killed from afar by a deep elf knight (30 damage)
             ... with a shard of ice
             ... on level 3 of the Elven Halls.
             The game lasted 01:02:54 (25426 turns).

Amnesiac the Sorcerer (SpEE)                       Turns: 25426, Time: 01:02:55

Health: -15/84     AC:  6    Str:  4    XL:     16   Next: 36%
Magic:  42/60      EV: 28    Int: 27    God:    Vehumet [******]
Gold:   1899       SH:  0    Dex: 16    Spells: 28/57 levels left

rFire    + + .     SeeInvis +   a - staff of earth
rCold    + . .     Gourm    .   (shield currently unavailable)
rNeg     . . .     Faith    .   R - +1 robe {rC+ rF+}
rPois    .         Spirit   .   S - +0 hat {Int+3}
rElec    .         Reflect  .   l - +2 cloak {rF+}
rCorr    .         Harm     .   (gloves unavailable)
MR       ++...                  (boots unavailable)
Stlth    ++++......             g - amulet of magic regeneration
HPRegen  0.24/turn              q - ring of magical power
MPRegen  0.62/turn              N - ring of magical power

@: very quick
A: very small, unfitting armour, see invisible, herbivore, speed 3, slow
metabolism 2
a: Renounce Religion


You were on level 3 of the Elven Halls.
You worshipped Vehumet.
Vehumet was exalted by your worship.
You were not hungry.

You visited 4 branches of the dungeon, and saw 20 of its levels.
You also visited: Ice Cave and Volcano.

You collected 2303 gold pieces.
You spent 404 gold pieces at shops.

Inventory:

Hand Weapons
 b - a +2 dagger of electrocution
Missiles
 e - 39 poisoned needles
 i - 663 stones (quivered)
Armour
 l - a +2 cloak of fire resistance (worn)
 u - a +0 buckler
 R - a +1 robe of resistance (worn)
 S - a +0 hat of intelligence (worn)
Magical Staves
 a - an uncursed staff of earth (weapon)
Jewellery
 f - an uncursed ring of poison resistance
 g - an amulet of magic regeneration (around neck)
 k - an uncursed ring of protection from fire
 n - an uncursed amulet of guardian spirit
 q - a ring of magical power (left hand)
 M - an uncursed ring of protection from cold
 N - a ring of magical power (right hand)
Wands
 c - a wand of acid (4)
 d - a wand of polymorph (20)
 B - a wand of flame (102)
 D - a wand of paralysis (22)
 F - a wand of scattershot (3)
 G - a wand of disintegration (11)
 H - a wand of clouds (6)
Scrolls
 h - 7 scrolls of remove curse {!r}
 v - 3 scrolls of teleportation {!r}
 x - 4 scrolls of amnesia {!r}
 y - 3 scrolls of blinking {!r}
 E - 2 scrolls of fog {!r}
 K - 2 scrolls of magic mapping {!r}
 L - 2 scrolls of enchant weapon {!r}
 O - 10 scrolls of identify {!r}
 T - 2 scrolls of vulnerability {!r}
 U - 3 scrolls of fear {!r}
Potions
 j - 2 potions of ambrosia {!q}
 m - 2 potions of cancellation {!q}
 o - 2 potions of mutation {!q}
 p - a potion of curing {!q}
 r - 2 potions of resistance {!q}
 t - 13 potions of lignification {!q}
 w - 6 potions of brilliance {!q}
 z - 2 potions of agility {!q}
 A - 3 potions of flight {!q}
 C - 3 potions of haste {!q}
 I - 2 potions of magic {!q}
 J - 2 potions of might {!q}
 Q - 4 potions of berserk rage {!q, unknown}
Miscellaneous
 V - a box of beasts
Comestibles
 s - 18 rations


   Skills:
 - Level 9.0 Fighting
 - Level 12.0 Dodging
 - Level 9.1 Stealth
 - Level 7.2 Shields
 - Level 21.0 Spellcasting
 - Level 1.3 Transmutations
 * Level 14.3 Earth Magic


You had 28 spell levels left.
You knew the following spells:

 Your Spells              Type           Power        Failure   Level  Hunger
a - Iron Shot             Conj/Erth      #######...   3%          6    None
b - Passwall              Tmut/Erth      #######...   1%          2    None
c - Sandblast             Erth           ######       0%          1    None
d - Lee's Rapid Deconstr  Erth           ########..   1%          5    None
e - Petrify               Tmut/Erth      #######.     1%          4    None
f - Mephitic Cloud        Conj/Pois/Air  ####....     1%          3    None
g - Stone Arrow           Conj/Erth      ######       1%          3    None
r - Regeneration          Chrm/Necr      ####......   4%          3    None
v - Blink                 Tloc           N/A          1%          2    None


Dungeon Overview and Level Annotations

Branches:
Dungeon (9/15)             Temple (0/1) D:5            Lair (6/6) D:9
 Shoals (0/4) Lair:4        Snake (0/4) Lair:4        Slime (0/5) Lair:5
    Orc (2/2) D:9             Elf (3/3) Orc:2

Altars:
Ashenzari
Fedhas
Gozag
Hepliaklqana
Kikubaaqudgha
Nemelex Xobeh
Okawaru
Qazlal
Vehumet
Yredelemnul
Zin
Beogh
Jiyva

Shops:
D:4 !   Orc:2 ([(=   Elf:3 *

Annotations:
Elf:2 1 runed door


Innate Abilities, Weirdness & Mutations

You are very small and have problems with some larger weapons.
You are too small for most types of armour.
You have supernaturally acute eyesight. (SInv)
You are a herbivore.
You cover ground extremely quickly.
You need to consume almost no food.


Message History

A deep elf elementalist comes into view.
It is wielding a short sword.
Found a ration, a leather armour and a scroll of identify.
The air elemental closely misses you.
The deep elf elementalist casts a spell at you.
Some walls begin to move on their own!
Casting: Lee's Rapid Deconstruction (safe; 1% risk of failure)
Confirm with . or Enter, or press ? or * to list all spells.
You blink.
The winds around the air elemental calm down.
The air elemental barely misses you.
The deep elf elementalist casts a spell at you.
Some walls begin to move on their own!
Casting: Blink (safe; 1% risk of failure)
Confirm with . or Enter, or press ? or * to list all spells.
Aiming: Iron Shot (safe; 3% risk of failure)
Press: ? - help, Shift-Dir - straight line, f - deep elf elementalist
Aim: a deep elf elementalist, wielding a short sword (repelling missiles)
You feel a surge of power!
The iron shot misses the deep elf elementalist.
A vortex of raging winds appears around the air elemental!
The air elemental completely misses you.
The deep elf elementalist casts a spell at you.
Some walls begin to move on their own!
The air elemental hits you!
* * * LOW HITPOINT WARNING * * *
Unknown command.
The deep elf elementalist gestures at you while chanting.
Some walls begin to move on their own!
The vortex of raging winds lifts you up.
You fly up into the air.
* * * LOW HITPOINT WARNING * * *
The deep elf knight gestures wildly while chanting.
The deep elf knight flickers and vanishes for a moment.
* * * LOW HITPOINT WARNING * * *
You are engulfed in raging winds.
The air elemental completely misses you.
The winds around the air elemental start to calm down.
The deep elf knight shouts!
You hear a shout!
The air elemental hits you.
* * * LOW HITPOINT WARNING * * *
Casting: Iron Shot (safe; 3% risk of failure)
Confirm with . or Enter, or press ? or * to list all spells.
Aiming: Lee's Rapid Deconstruction (safe; 1% risk of failure)
Press: ? - help, Dir - move target cursor, p - deep elf elementalist You feel a surge of power!
The wall shatters!
The blast of rock fragments hits the air elemental.
You destroy the air elemental!
Vehumet accepts your kill.
You feel your power returning.
The blast of rock fragments hits the deep elf elementalist.
The deep elf elementalist is almost dead.
You float gracefully downwards.
Unknown command.
Casting: Lee's Rapid Deconstruction (safe; 1% risk of failure)
Confirm with . or Enter, or press ? or * to list all spells.
Aiming: Lee's Rapid Deconstruction (safe; 1% risk of failure)
Press: ? - help, Dir - move target cursor You feel a surge of power!
The wall shatters!
Vehumet accepts your kill.
You feel your power returning.
You feel a bit more experienced.
The blast of rock fragments hits the deep elf knight.
The deep elf knight is almost dead.
The deep elf knight casts a spell at you.
The shard of ice hits you! You partially resist.
You die...

#########
####§..§§...
#..e.e§§#
#..#§§§§#
#@###ee§###
.......## #§§EE§#
#####.# ###EE§#
#.# #E§(§##
##)#######(#§E#
#.#...#.##§##
#.....###.#
.#####((e## #[#
#......(.####.###


You could see a deep elf knight (invisible).

Vanquished Creatures
  Saint Roka (Orc:2)
  Nikola (Elf:1)
  A deep elf blademaster (Elf:2)
  2 deep elf elementalists
  A reaper (IceCv)
  A red draconian (Volcano)
  A deep elf annihilator (Elf:1)
  3 deep elf death magi
  Josephine (Lair:4)
  2 hydras
  3 catoblepae (Lair:6)
  The ghost of budo the Blocker, a novice DDFi of Makhleb (Lair:2)
  A two-headed ogre (D:8)
  25 dancing weapons
  4 orc high priests
  17 death yaks
  Nergalle (Lair:4)
  15 deep elf knights
  The ghost of graymark the Tainter, a novice DsVM of Ru (Lair:1)
  A salamander mystic (Volcano)
  15 deep elf archers
  44 deep elf magi
  A necromancer (Lair:4)
  3 orc knights (Orc:2)
  2 manticores (Lair:6)
  2 orc sorcerers
  5 elephants (Lair:5)
  4 salamanders (Volcano)
  5 black mambas
  2 ice statues (IceCv)
  8 spiny frogs
  4 gargoyles (D:8)
  2 rime drakes
  3 komodo dragons
  10 ice devils (IceCv)
  A troll (Orc:1)
  15 blink frogs
  Grinder (D:6)
  A polar bear (Lair:5)
  A snapping turtle (Lair:4)
  2 hippogriffs
  9 wraiths
  8 redbacks (Elf:2)
  Sigmund (D:2)
  A water elemental (Elf:2)
  3 air elementals
  2 wyverns
  39 yaks
  A basilisk (Lair:6)
  A hungry ghost (D:7)
  3 wargs
  2 nagas (Lair:4)
  Edmund (D:5)
  4 water moccasins
  3 porcupines
  An ice beast (D:5)
  A black bear (D:7)
  4 necrophages (D:9)
  9 centaurs
  5 ogres
  32 orc warriors
  6 crocodiles
  2 big kobolds
  8 bullfrogs
  5 earth elementals
  2 scorpions
  6 killer bees (D:8)
  9 wights (D:7)
  An electric eel (Lair:6)
  4 howler monkeys
  2 bullfrog zombies
  3 crimson imps
  3 quasits (D:6)
  2 bullfrog skeletons
  3 hounds
  A jelly (D:5)
  19 orc priests
  23 orc wizards
  A gnoll shaman (D:7)
  3 iguanas
  Natasha (thrice) (D:2)
  6 hell rats
  3 worker ants
  2 yak simulacra (Lair:4)
  4 polar bear simulacra (Lair:4)
  3 wolf simulacra (Lair:4)
  2 killer bee zombies
  A hound skeleton (D:5)
  A worker ant zombie (D:9)
  12 gnolls
  12 adders
  12 river rats (D:4)
  A shadow imp (D:8)
  8 white imps (IceCv)
  4 ufetubi (IceCv)
  An adder skeleton (D:7)
  2 worms
  4 dart slugs
  6 leopard geckos
  93 orcs
  2 ball pythons
  11 bats
  7 giant cockroaches
  8 goblins
  10 hobgoblins
  8 jackals
  6 quokkas
  3 frilled lizards
  11 kobolds
  2 leopard gecko skeletons
  A leopard gecko zombie (D:5)
  A quokka zombie (D:9)
  17 rats
  2 river rat simulacra (Lair:4)
  A fungus (Elf:2)
717 creatures vanquished.

Vanquished Creatures (others)
  2 deep elf knights (Elf:1)
  A deep elf mage (Elf:1)
  3 white imps (IceCv)
  5 ufetubi (IceCv)
  A fungus (Lair:4)
  6 plants
18 creatures vanquished.

Grand Total: 735 creatures vanquished

Notes
Turn   | Place    | Note
-------+----------+-------------------------------------------
     0 | D:1      | Amnesiac the Spriggan Earth Elementalist began the quest for the Orb.
     0 | D:1      | Reached XP level 1. HP: 9/9 MP: 5/5
   187 | D:2      | Reached skill level 3 in Spellcasting
   194 | D:2      | Reached XP level 2. HP: 13/13 MP: 2/7
   223 | D:2      | Learned a level 2 spell: Passwall
   389 | D:2      | Reached XP level 3. HP: 16/16 MP: 5/8
   711 | D:4      | Learned a level 3 spell: Stone Arrow
   751 | D:5      | Entered Level 5 of the Dungeon
   774 | D:4      | Found a basalt altar of Yredelemnul.
   819 | D:4      | Reached XP level 4. HP: 8/21 MP: 6/10
   834 | D:4      | Learned a level 4 spell: Petrify
  1014 | D:4      | Reached skill level 4 in Spellcasting
  1190 | D:4      | Reached XP level 5. HP: 22/24 MP: 6/12
  1194 | D:4      | Found a radiant altar of Vehumet.
  1203 | D:4      | Became a worshipper of Vehumet
  2053 | D:2      | Reached * piety under Vehumet
  2053 | D:2      | Offered knowledge of Shock by Vehumet.
  2173 | D:2      | Noticed Natasha
  2173 | D:2      | Noticed Sigmund
  2179 | D:2      | Killed Sigmund
  2179 | D:2      | Reached skill level 5 in Spellcasting
  2179 | D:2      | Reached skill level 5 in Earth Magic
  2179 | D:2      | Reached XP level 6. HP: 28/28 MP: 8/14
  2184 | D:2      | Killed Natasha
  2226 | D:2      | Noticed Natasha
  2228 | D:2      | Killed Natasha
  2452 | D:2      | Noticed Natasha
  2458 | D:2      | Killed Natasha
  2514 | D:2      | Learned a level 5 spell: Lee's Rapid Deconstruction
  2528 | D:3      | Offered knowledge of Flame Tongue by Vehumet.
  2530 | D:3      | Reached ** piety under Vehumet
  2546 | D:3      | Reached XP level 7. HP: 27/32 MP: 1/16
  2685 | D:3      | Found a shattered altar of Ashenzari.
  2882 | D:3      | Found a hazy altar of Hepliaklqana.
  2882 | D:3      | Found a shattered altar of Ashenzari.
  2882 | D:3      | Found an iron altar of Okawaru.
  3140 | D:4      | Reached skill level 6 in Spellcasting
  3244 | D:4      | Offered knowledge of Throw Frost by Vehumet.
  3398 | D:4      | Reached *** piety under Vehumet
  3548 | D:4      | Found Nilacrui's Distillery.
  3551 | D:4      | Bought a potion of degeneration for 12 gold pieces
  3552 | D:4      | Bought a potion of lignification for 36 gold pieces
  3552 | D:4      | Bought a potion of curing for 36 gold pieces
  3812 | D:5      | Offered knowledge of Force Lance by Vehumet.
  3906 | D:5      | Reached XP level 8. HP: 36/36 MP: 0/19
  3959 | D:5      | Noticed Edmund
  3975 | D:5      | Killed Edmund
  3975 | D:5      | Reached skill level 7 in Spellcasting
  3993 | D:5      | Found a staircase to the Ecumenical Temple.
  4410 | D:6      | Reached **** piety under Vehumet
  4426 | D:6      | Learned a level 2 spell: Blink
  4430 | D:6      | Learned a level 3 spell: Mephitic Cloud
  4539 | D:6      | Offered knowledge of Bolt of Draining by Vehumet.
  4663 | D:6      | Reached skill level 8 in Spellcasting
  4765 | D:6      | Noticed Grinder
  4771 | D:6      | Killed Grinder
  5139 | D:7      | Reached XP level 9. HP: 39/39 MP: 13/22
  5313 | D:7      | Reached skill level 9 in Spellcasting
  5428 | D:7      | Reached skill level 10 in Earth Magic
  5623 | D:7      | Reached skill level 10 in Spellcasting
  5624 | D:7      | Reached skill level 1 in Shields
  5635 | D:7      | Reached ***** piety under Vehumet
  5635 | D:7      | Offered knowledge of Yara's Violent Unravelling by Vehumet.
  6207 | D:8      | Found an opulent altar of Gozag.
  6294 | D:8      | Noticed a two-headed ogre
  6303 | D:8      | Killed a two-headed ogre
  6303 | D:8      | Reached XP level 10. HP: 40/44 MP: 13/25
  6361 | D:8      | Found an ancient bone altar of Kikubaaqudgha.
  6426 | D:8      | Noticed a gargoyle
  6426 | D:8      | Killed a gargoyle
  6426 | D:8      | Reached skill level 5 in Shields
  6430 | D:8      | Noticed a gargoyle
  6430 | D:8      | Noticed a gargoyle
  6432 | D:8      | Noticed a gargoyle
  6432 | D:8      | Noticed a gargoyle
  6432 | D:8      | Killed a gargoyle
  6434 | D:8      | Killed a gargoyle
  6446 | D:8      | Killed a gargoyle
  6794 | D:8      | Found a glowing silver altar of Zin.
  6804 | D:8      | Found a stormy altar of Qazlal.
  7149 | D:9      | Found a blossoming altar of Fedhas.
  7369 | D:9      | Found a staircase to the Orcish Mines.
  7712 | D:9      | Reached skill level 1 in Fighting
  8177 | D:9      | Found a sparkling altar of Nemelex Xobeh.
  8234 | D:9      | Found a staircase to the Lair.
  8262 | D:9      | Found a blossoming altar of Fedhas.
  8320 | D:9      | Reached skill level 5 in Dodging
  8332 | D:9      | Reached XP level 11. HP: 16/52 MP: 8/26
  8415 | D:9      | Found the +5 scythe "Finisher" {speed, Str+3}
  8652 | Orc:1    | Entered Level 1 of the Orcish Mines
  8724 | Orc:1    | Offered knowledge of Olgreb's Toxic Radiance by Vehumet.
  8895 | Orc:1    | Noticed an orc high priest
  8903 | Orc:1    | Killed an orc high priest
  9465 | Orc:1    | Reached skill level 5 in Fighting
  9691 | Orc:2    | Entered Level 2 of the Orcish Mines
  9821 | Orc:1    | Identified a scroll of acquirement {!r}
  9898 | Orc:2    | Found a staircase to the Elven Halls.
  9947 | Orc:2    | Found a dark tunnel.
  9948 | Volcano  | Entered a volcano
 10041 | Volcano  | Noticed a red draconian
 10180 | Volcano  | Noticed a salamander mystic
 10181 | Volcano  | Killed a red draconian
 10214 | Volcano  | Killed a salamander mystic
 10548 | Orc:2    | Noticed an orc knight
 10552 | Orc:1    | Noticed an orc sorcerer
 10645 | Orc:1    | Killed an orc sorcerer
 10900 | Orc:2    | Offered knowledge of Orb of Destruction by Vehumet.
 10919 | Orc:2    | Noticed an orc high priest
 10921 | Orc:2    | Noticed a sun demon
 10923 | Orc:2    | Noticed a sixfirhy
 11033 | Orc:2    | Killed an orc high priest
 11033 | Orc:2    | Reached XP level 12. HP: 47/64 MP: 25/27
 11079 | Orc:2    | Reached skill level 10 in Dodging
 11131 | Orc:2    | Found a roughly hewn altar of Beogh.
 11628 | Orc:2    | Found a roughly hewn altar of Beogh.
 11758 | Orc:2    | Noticed an orc high priest
 11769 | Orc:2    | Killed an orc high priest
 11769 | Orc:2    | Reached skill level 11 in Spellcasting
 11773 | Orc:2    | Found a roughly hewn altar of Beogh.
 11773 | Orc:2    | Found Qoequzedd's Antique Weapon Shoppe.
 11826 | Orc:2    | Found a roughly hewn altar of Beogh.
 11827 | Orc:2    | Found Paputwalo's Jewellery Emporium.
 11903 | Orc:2    | Found a roughly hewn altar of Beogh.
 12104 | Orc:2    | Noticed Saint Roka
 12396 | Orc:2    | Noticed an orc high priest
 12438 | Orc:2    | Found a roughly hewn altar of Beogh.
 12438 | Orc:2    | Found Yleuzyc's Antique Armour Boutique.
 12754 | Orc:2    | Found Ruemasat's Antique Weapon Shop.
 12760 | Orc:2    | Killed an orc high priest
 12760 | Orc:2    | Reached skill level 12 in Spellcasting
 13319 | Orc:2    | Killed Saint Roka
 13319 | Orc:2    | Reached skill level 13 in Spellcasting
 13525 | Orc:2    | Bought an uncursed ring of magical power for 320 gold pieces
 13545 | Elf:1    | Entered Level 1 of the Elven Halls
 13547 | Elf:1    | Reached skill level 14 in Spellcasting
 13834 | Elf:1    | Reached XP level 13. HP: 68/68 MP: 32/32
 13872 | Elf:1    | Noticed Nikola
 13884 | Elf:1    | Killed Nikola
 13884 | Elf:1    | Reached skill level 15 in Spellcasting
 14173 | Lair:1   | Entered Level 1 of the Lair of Beasts
 14215 | Lair:1   | Learned a level 6 spell: Iron Shot
 14339 | Lair:1   | Offered knowledge of Freezing Cloud by Vehumet.
 14564 | Lair:1   | Noticed graymark's ghost (novice DsVM)
 14569 | Lair:1   | Killed graymark's ghost
 14571 | Lair:1   | Reached skill level 16 in Spellcasting
 15126 | Lair:2   | Noticed budo's ghost (novice DDFi)
 15146 | Lair:2   | Killed budo's ghost
 15991 | Lair:3   | Got a bloodstained short sword
 16300 | Lair:3   | Reached skill level 17 in Spellcasting
 17035 | Lair:3   | Identified the +1 short sword of Springtime {holy, rC+ Str-3 Int+3 Stlth+} (You found it on level 3 of the Lair of Beasts)
 17054 | Lair:4   | Found a staircase to the Snake Pit.
 17131 | Lair:4   | Noticed Nergalle
 17140 | Lair:4   | Killed Nergalle
 17186 | Lair:4   | Noticed Josephine
 17201 | Lair:4   | Killed Josephine
 17243 | Lair:4   | Reached skill level 18 in Spellcasting
 17403 | Lair:4   | Found a staircase to the Shoals.
 17906 | Lair:4   | Reached XP level 14. HP: 75/75 MP: 35/37
 18429 | Lair:5   | Found a staircase to the Slime Pits.
 18430 | Lair:5   | Found a viscous altar of Jiyva.
 19046 | Lair:6   | Entered Level 6 of the Lair of Beasts
 19047 | Lair:6   | Found a frozen archway.
 19085 | IceCv    | Entered an ice cave
 19998 | IceCv    | Noticed a reaper
 20021 | IceCv    | Killed a reaper
 20036 | IceCv    | Identified the Guide on Intoxication and Bewitchment
 20045 | IceCv    | Got a slimy demon whip
 20046 | IceCv    | Identified the cursed +3 demon whip "Owett" {slash, rN+ Str+5} (You found it in an ice cave)
 20309 | Lair:6   | Reached skill level 19 in Spellcasting
 20357 | Lair:6   | Reached ****** piety under Vehumet
 21483 | Lair:6   | Reached skill level 20 in Spellcasting
 21659 | Lair:6   | Got a shimmering platinum ring
 21661 | Lair:6   | Identified the ring "Tuikoceca" {*Slow +Blink Int+5 Dex+3} (You found it on level 6 of the Lair of Beasts)
 22394 | Elf:1    | Offered knowledge of Poison Arrow by Vehumet.
 22554 | Elf:1    | Reached XP level 15. HP: 72/79 MP: 40/40
 22689 | Elf:1    | Identified the Reference Book on Confrontation
 22695 | Elf:1    | Learned a level 3 spell: Regeneration
 22735 | Elf:1    | Reached skill level 21 in Spellcasting
 24374 | Elf:2    | Found a runed door.
 24397 | Elf:2    | Found a runed door.
 24738 | Elf:2    | Reached XP level 16. HP: 84/84 MP: 42/42
 24740 | Elf:2    | Reached skill level 5 in Stealth
 24748 | Elf:2    | Noticed a deep elf blademaster
 24805 | Elf:2    | Killed a deep elf blademaster
 25399 | Elf:3    | Entered Level 3 of the Elven Halls
 25399 | Elf:3    | Found Neirel's General Store.
 25426 | Elf:3    | Killed from afar by a deep elf knight

Vault maps used:
D:1:      lemuel_arrival_muddy, serial_corexii_hall, corexii_hall_statues_t,
          corexii_hall_statues_x
D:2:      uniq_natasha, uniq_sigmund
D:3:      gammafunk_temple_overflow_forgotten, ashenzari_altar_1
D:4:      nicolae_overflow_hidden_temple, kennysheep_mini_moat, serial_shops,
          kennysheep_mini, dk_rats_in_the_wall
D:5:      temple_pool_b, first_ration, uniq_edmund
D:6:      cheibrodos_quashed, uniq_grinder
D:7:      serial_glass, glass_columns_a, glass_columns_a, centaur_isle
D:8:      cheibrodos_statue_roulette, kiku_gazebo_pond_becter,
          nicolae_gozag_seed_capital, amethyst_overflow_temple_binary
D:9:      fedhas_altar_decomposition, overflow_temple_1_default,
          lair_entry_dummy, david_orc_2, basic_altar, blue_anna_alchemist,
          minmay_guarded_unrand_finisher
Lair:3:   bh_autumn_forest_stairs
Lair:4:   minmay_shoals_entry_hut, guppyfry_snake_entry_island,
          eino_house_with_fridge, infiniplex_staircase_pool_2, uniq_josephine,
          uniq_nergalle
Lair:5:   slime_altar_1, beast_lair_carwin_1, grunt_megastairs_3
Lair:6:   evilmike_catoblepas_cave, portal_ice_cave_entry_pillars_1,
          serial_bayou_lagoon_a, guppyfry_lair_drakes
Orc:2:    grunt_orc_community_town_hall, grunt_orc_community_big_house_1,
          grunt_orc_community_big_house_1, grunt_orc_community_house_2,
          grunt_orc_community_house_3, grunt_orc_community_house_3,
          grunt_orc_community_house_2, enter_volcano_1, rock_pile
Elf:1:    elf_arrival_002, minmay_elf_annihilation, minivault_14, uniq_nikola
Elf:2:    glass_columns_c, minivault_5, st_stairs_3, dk_noncrumbling_4,
          solitary_fountain, stair_cage_line, spider_trap
Elf:3:    minmay_elf_hall_spiked, serial_shops, shop, guppyfry_library_mini
IceCv:    ice_cave_small_demon
Volcano:  volcano_pools

Skill      XL: |  1  2  3  4  5  6  7  8  9 10 11 12 13 14 15 16 |
---------------+-------------------------------------------------+-----
Spellcasting   | 3 4 5 6 8 10 14 18 20 21 | 21.0
Earth Magic    | 3 4 5 6 7 9 10 13 14 | 14.3
Shields        | 4 7 |  7.2
Fighting       | 3 7 8 9 |  9.0
Dodging        | 5 9 10 12 | 12.0
Stealth        | 4 9 |  9.1
Transmutations | |  1.3

Action                   |  1- 3 |  4- 6 |  7- 9 | 10-12 | 13-15 | 16-18 || total
-------------------------+-------+-------+-------+-------+-------+-------++-------
Melee: Dagger            |       |     8 |    46 |   104 |       |       ||   158
       Staff             |       |       |       |       |     2 |       ||     2
 Cast: Sandblast         |    39 |   103 |     6 |       |       |       ||   148
       Passwall          |     2 |       |     1 |     1 |     5 |       ||     9
       Stone Arrow       |       |     2 |   212 |   374 |   541 |       ||  1129
       Lee's Rapid Decon |       |     2 |     3 |    97 |   152 |    14 ||   268
       Blink             |       |       |     4 |     1 |     4 |     1 ||    10
       Mephitic Cloud    |       |       |     4 |       |       |       ||     4
       Petrify           |       |       |       |    32 |       |       ||    32
       Iron Shot         |       |       |       |       |    61 |    37 ||    98
  Use: Potion            |       |       |     2 |    10 |     2 |     1 ||    15
       Scroll            |       |       |     1 |    15 |     7 |       ||    23
 Stab: Sleeping          |       |     1 |       |       |       |       ||     1
       Petrified         |       |       |       |    71 |       |       ||    71
       Petrifying        |       |       |       |     1 |       |       ||     1
  Eat: Ration            |       |       |     4 |    13 |     4 |       ||    21
Armor: Robe              |     1 |     3 |     8 |     6 |     7 |       ||    25
Dodge: Dodged            |     7 |    32 |   116 |   178 |   150 |    27 ||   510
Block: Buckler           |       |       |       |    46 |       |       ||    46

Table legend:
 A = Spawn XP
 B = Non-spawn XP
 C = Spawn XP percentage of total XP
 D = Spawn monster count
 E = Non-spawn monster count
 F = Spawn count percentage of total count
 G = Total turns spent on level
                    A         B        C        D         E        F      G
               +---------+---------+-------+---------+---------+-------+---------
         Total |       0 |  176015 |   0.0 |       0 |     716 |   0.0 | 25426
               +---------+---------+-------+---------+---------+-------+---------
           D:1 |       0 |      54 |   0.0 |       0 |      33 |   0.0 |   952
           D:2 |       0 |     453 |   0.0 |       0 |      35 |   0.0 |   866
           D:3 |       0 |     177 |   0.0 |       0 |      28 |   0.0 |   628
           D:4 |       0 |     436 |   0.0 |       0 |      34 |   0.0 |  1161
           D:5 |       0 |     744 |   0.0 |       0 |      26 |   0.0 |   788
           D:6 |       0 |     925 |   0.0 |       0 |      18 |   0.0 |   738
           D:7 |       0 |    1924 |   0.0 |       0 |      37 |   0.0 |  1062
           D:8 |       0 |    3292 |   0.0 |       0 |      22 |   0.0 |   920
           D:9 |       0 |    3792 |   0.0 |       0 |      34 |   0.0 |  1923
        Lair:1 |       0 |    3479 |   0.0 |       0 |      17 |   0.0 |   961
        Lair:2 |       0 |    1864 |   0.0 |       0 |       4 |   0.0 |   770
        Lair:3 |       0 |    7896 |   0.0 |       0 |      16 |   0.0 |  1233
        Lair:4 |       0 |   11938 |   0.0 |       0 |      40 |   0.0 |  1149
        Lair:5 |       0 |    6732 |   0.0 |       0 |      27 |   0.0 |   885
        Lair:6 |       0 |   18665 |   0.0 |       0 |      45 |   0.0 |  1998
         Orc:1 |       0 |    4014 |   0.0 |       0 |      51 |   0.0 |  1855
         Orc:2 |       0 |   13928 |   0.0 |       0 |      93 |   0.0 |  2562
         Elf:1 |       0 |   32327 |   0.0 |       0 |      47 |   0.0 |  1419
         Elf:2 |       0 |   49786 |   0.0 |       0 |      73 |   0.0 |  1918
         Elf:3 |       0 |    3799 |   0.0 |       0 |       5 |   0.0 |    27
         IceCv |       0 |    5801 |   0.0 |       0 |      25 |   0.0 |  1051
       Volcano |       0 |    3989 |   0.0 |       0 |       6 |   0.0 |   560
               +---------+---------+-------+---------+---------+-------+---------
